Reter, chaotic male elven Ranger -- -----.| |...... --...... ......- |......| -- |......----- ..--..........| -.|........... |........... ......%.. -.......- |.......-- --.)....d| -.@.D...-- | --......| |.. --.....<--- -............-- ------- |........^.................- -------.--.|.-- -------- -- -------- Reter the Tenderfoot Experience level: 1 Strength: 17 Dexterity: 10 Constitution: 15 Intelligence: 15 Wisdom: 13 Charisma: 7 Health: 0(13) Energy: 5(5) Def: 11 Gold: 491 Moves: 3062 Dungeon seed: OeLLjJwu6_k8GPUq Game ID: Reter_1631646632 Your Inventory: Weapons d - an uncursed +1 elven dagger (alternate weapon; not wielded) e - an uncursed +1 elven bow (weapon in hand) o - 7 uncursed +0 darts s - 5 uncursed +0 daggers y - 2 uncursed +0 crossbow bolts K - 2 uncursed +0 elven daggers M - 59 uncursed +2 elven arrows O - 34 uncursed +0 elven arrows (in quiver) T - 12 uncursed +0 arrows Armor b - an uncursed +2 elven cloak (being worn) c - an uncursed +0 dwarvish cloak i - an uncursed +0 pair of iron shoes (being worn) r - an uncursed +0 elven mithril-coat (being worn) z - an uncursed +0 orcish helm (being worn) Y - a blessed +1 dwarvish cloak of shock immunity Comestibles f - 5 uncursed lembas wafers u - 3 uncursed lichen corpses A - 2 uncursed tripe rations U - an uncursed food ration Scrolls t - 2 blessed scrolls of gold detection x - an uncursed scroll of light B - a blessed scroll of fire E - a blessed scroll of summoning G - an uncursed scroll of amnesia Q - 5 uncursed scrolls of identify Spellbooks l - an uncursed spellbook of phase Potions j - an uncursed potion of extra healing v - an uncursed potion of healing w - an uncursed potion of levitation C - a cursed potion of healing H - an uncursed potion of blindness Rings g - an uncursed ring of free action h - an uncursed +1 ring of adornment Wands a - an uncursed wand of sleep (0:1) F - an uncursed wand of fire (0:5) I - an uncursed wand of digging (0:4) Tools k - an uncursed skeleton key m - an uncursed can of grease (0:10) D - an uncursed mirror R - 7 uncursed tallow candles (0:200) Gems n - an uncursed worthless piece of black glass q - 2 uncursed worthless pieces of yellow glass N - an uncursed garnet stone S - an uncursed worthless piece of violet glass V - an uncursed worthless piece of white glass W - 2 uncursed worthless pieces of red glass Coins $ - 491 gold pieces Spells and supernatural/magical abilities: Name Level Category Cost Memory j - jumping 1 escape 1000pw 99% W - pray for help -- divine ? -- Your skills at the end: Fighting Skills wands [Basic] Weapon Skills dagger [Basic] bow [Basic] Spellcasting Skills Final Attributes: You were piously aligned. You were immune to sleep. You saw invisible. You had automatic searching. You had infravision. You were stealthy. Mars was noncommittal. You are dead. Vanquished creatures: a small mimic a gnome lord a gnomish wizard 3 dwarves 2 acid blobs 2 coyotes a gas spore 4 hobbits 2 giant rats a yellow mold 13 gnomes a gnome zombie 4 geckos 6 jackals 3 foxes 2 kobolds 2 goblins 8 grid bugs 5 lichens 7 newts 69 creatures vanquished. Voluntary challenges: You used a wielded weapon 4 times, starting on turn 111. You read items or engraved 7 times, starting on turn 2059. You never genocided any monsters. You never polymorphed an object. You never changed form. You used no wishes. You never split a pudding. You never wrote Elbereth's name. You never violated your personal moral code. Dungeon overview: The Dungeons of Doom: levels 1 to 5 Level 1 a fountain a long staircase Level 2 some altars to Mercury and Mars, a fountain Level 3 an altar to Mars Level 4 a scroll shop stairs to The Gnomish Mines Level 5 The Gnomish Mines: levels 5 to 6 Level 5 stairs to The Dungeons of Doom Level 6 <- You were here History has recorded: On T:1 you entered the Dungeons of Doom to retrieve the Amulet of Yendor! On T:100 you reached level 2 of The Dungeons of Doom. On T:521 you reached level 3 of The Dungeons of Doom. On T:977 you reached level 4 of The Dungeons of Doom. On T:1589 you reached level 1 of The Gnomish Mines. On T:1760 you reached level 5 of The Dungeons of Doom. On T:3016 you reached level 2 of The Gnomish Mines. Score breakdown: Gold: 491 ( 9157 points) Experience: 1 level ( 0 points) Exploration: 6 levels ( 12.00%) ( 9583 points) Discoveries: 16 items ( 5.42%) ( 6986 points) Valuables value: (no points given unless you survive) Artifact value: 0 ( 0 points) Variety of kills: 20 monsters ( 5.26%) ( 6882 points) Turncount: 3062 turns ( -630 points) Survival: died (score multiplied by 80%) Total score: 25582 Latest messages: The gnome picks up a crossbow bolt from the floor. [2 turns] This female gnome corpse tastes terrible! Sirius bites the gnome. The gnome is killed! You finish eating the female gnome corpse. The gnome lord zaps a steel wand! It must be a wand of polymorph. The shimmering dragon breathes a disorienting blast! The blast of disorientation hits Sirius! Sirius staggers... [20 turns] The shimmering dragon breathes a disorienting blast! The blast of disorientation hits Sirius! Sirius struggles to keep its balance. Please move the cursor to an unknown object. A shimmering dragon [seen: normal vision, displacement] on the floor of a room. [2 turns] The shimmering dragon bites! You die... Final status: Goodbye Reter the Ranger, killed by a shimmering dragon... You died in The Gnomish Mines on dungeon level 6 with 25582 points, and 491 pieces of gold, after 3062 moves. You were level 1 with a maximum of 13 hit points when you died.